 Dungeon Crawl Stone Soup version 0.28.0-53-g5a82cb258f (webtiles) character file.

Game seed: 17895221928280023894

131 issech the Chopper (level 4, -1/41 HPs)
             Began as a Minotaur Monk on June 7, 2022.
             Slain by an orc wizard
             ... wielding a +0 dagger
              (2 damage)
             ... on level 3 of the Dungeon.
             The game lasted 00:04:02 (1851 turns).

issech the Chopper (Minotaur Monk)                  Turns: 1851, Time: 00:04:02

Health: -1/41      AC:  2    Str: 16    XL:     4   Next: 91%
Magic:  3/3        EV: 13    Int:  7    God:
Gold:   138        SH:  0    Dex: 14    Spells: 3/3 levels left

rFire   . . .      SeeInvis .   l - +4 dagger (vamp)
rCold   . . .      Faith    .   (no shield)
rNeg    . . .      Spirit   .   b - +0 robe
rPois   .          Reflect  .   (helmet restricted)
rElec   .          Harm     .   (no cloak)
rCorr   .          Rampage  .   (no gloves)
Will    .....                   (no boots)
Stlth   ++........              (no amulet)
HPRegen 0.13/turn               (no ring)
MPRegen 0.08/turn               (no ring)

@: no status effects
A: horns 2, retaliatory headbutt
a: no special abilities


You were on level 3 of the Dungeon.
You visited 1 branch of the dungeon, and saw 3 of its levels.

You collected 138 gold pieces.

Inventory:

Hand Weapons
 a - a +0 hand axe
 l - a +4 vampiric dagger (weapon)
Missiles
 d - 70 stones (quivered)
 f - 29 arrows
 g - 14 sling bullets
 m - 16 bolts
Armour
 b - a +0 robe (worn)
Scrolls
 c - 2 scrolls of noise {unknown}
 e - a scroll of enchant armour {unknown}
 n - a scroll of blinking {unknown}
Potions
 h - a potion of flight {unknown}
 i - 2 potions of magic {unknown}
 j - a potion of heal wounds {unknown}
 k - a potion of curing {unknown}
 o - a potion of brilliance {unknown}
 p - a potion of invisibility {unknown}


   Skills:
 + Level 4.5 Fighting
 + Level 5.3 Axes
 + Level 4.3 Dodging
 + Level 1.7 Stealth


You had 3 spell levels left.
You didn't know any spells.
Your spell library contained the following spells:

 Spells                   Type           Power      Damage    Failure   Level
 Portal Projectile        Hex/Tloc       0%         N/A       80%         3
 Blade Hands              Tmut           0%         N/A       100%        5
 Excruciating Wounds      Necr           0%         N/A       100%        5


Dungeon Overview and Level Annotations

Branches:
Dungeon (3/15)

Altars:

Annotations:
D:2 1 runed translucent door, Crazy Yiuf


Innate Abilities, Weirdness & Mutations

You have a pair of horns on your head.
You reflexively headbutt those who attack you in melee.


Message History

You hear some strange, mumbled words.
You are confused.
The orc hits you with a +0 club. The orc barely misses you.
You hit the orc.
The orc is lightly wounded.
Something hits you. The orc barely misses you.
The orc hits you with a +0 dagger.
You closely miss the orc.
The orc is heavily wounded.
The orc misses you. Something hits you. The orc hits you with a +0 club.
A dart slug comes into view.
The orc barely misses you.
You barely miss the orc.
The orc is heavily wounded.
The orc hits you but does no damage. Something hits you but does no damage.
The orc hits you with a +0 club. The orc completely misses you.
You're too confused to move!
The orc hits you with a +0 dagger. Something hits you.
A kobold comes into view. It is wielding a +0 short sword.
The orc hits you with a +0 club. The orc closely misses you.
The kobold shouts!
You hit the orc.
The orc is heavily wounded.
You feel less confused. The orc hits you with a +0 dagger.
* * * LOW HITPOINT WARNING * * *
Something hits you.
* * * LOW HITPOINT WARNING * * *
The orc hits you with a +0 club.
* * * LOW HITPOINT WARNING * * *
The orc hits you with a +0 dagger.
* * * LOW HITPOINT WARNING * * *
The dart slug launches a dart at you. The slug dart hits you.
* * * LOW HITPOINT WARNING * * *
The orc hits you with a +0 dagger.
* * * LOW HITPOINT WARNING * * *
There is a stone staircase leading up, spattered with blood here.
Something hits you.
You die...

#######
.<.....
.......####
..........#
..........###
.......@....#
......oo..#$#
..w...)o..#
..K.......#
##........#
#........#
#........#
#........#
#........#


You could see a dart slug, 3 orcs and a kobold.

Vanquished Creatures
  A scorpion (D:2)
  Jessica (D:2)
  An adder (D:2)
  3 dart slugs (D:2)
  An orc (D:3)
  A ball python (D:1)
  2 endoplasms (D:2)
  5 goblins
  4 hobgoblins
  6 kobolds
  2 quokkas (D:2)
  A bat (D:1)
  3 frilled lizards (D:2)
  A rat (D:1)
32 creatures vanquished.

Notes
Turn   | Place    | Note
-------+----------+-------------------------------------------
     0 | D:1      | issech the Minotaur Monk began the quest for the Orb.
     0 | D:1      | Reached XP level 1. HP: 19/19 MP: 0/0
   405 | D:1      | Reached skill level 4 in Axes
   534 | D:1      | Reached XP level 2. HP: 27/27 MP: 1/1
  1017 | D:2      | Found a runed translucent door.
  1018 | D:2      | Noticed Crazy Yiuf
  1052 | D:2      | Noticed Jessica
  1059 | D:2      | Killed Jessica
  1060 | D:2      | Reached XP level 3. HP: 28/33 MP: 2/2
  1455 | D:2      | Noticed a scorpion
  1461 | D:2      | Killed a scorpion
  1462 | D:2      | Reached skill level 5 in Axes
  1462 | D:2      | Reached XP level 4. HP: 36/41 MP: 3/3
  1850 | D:3      | HP: 1/41 [orc/+0 dagger (3)]
  1851 | D:3      | Slain by an orc wizard

Illustrated notes

Levels and vault maps discovered:
D:1:      denvon_arrival_planthouse, layout_basic, minmay_misc_feat_doors,
          minmay_hexomino_u4
D:2:      minmay_door_path, layout_rooms, uniq_jessica, uniq_crazy_yiuf_cottage
D:3:      layout_rooms, gup_sewer_entry_glass,
          ebering_ecumenical_altar_sacrificial

Skill      XL: |  1  2  3 |
---------------+----------+-----
Axes           | 4 5 |  5.3
Fighting       | 4 |  4.5
Dodging        | 4 |  4.3
Stealth        | |  1.7

Action                   |  1- 3 |  4- 6 || total
-------------------------+-------+-------++-------
Melee: Hand axe          |    45 |       ||    45
       Headbutt          |     8 |       ||     8
       Dagger            |     6 |    13 ||    19
       Punch             |       |     1 ||     1
Throw: Stone             |     2 |       ||     2
Armor: Robe              |     7 |     4 ||    11
Dodge: Dodged            |    31 |    14 ||    45
